 Dungeon Crawl Stone Soup version 0.16.1-2-g95b8d4c (webtiles) character file.

1221443 theElss the Conqueror (level 27, -1/199 HPs)
             Began as a Gargoyle Berserker on Mar 22, 2015.
             Was the Champion of the Shining One.
             Killed by divine providence
             ... invoked by a daeva
              (17 damage)
             ... while paralysed
             ... in Pandemonium on Mar 25, 2015.
             The game lasted 15:05:52 (144753 turns).

theElss the Conqueror (Gargoyle Berserker)        Turns: 144753, Time: 15:05:53

Health: -1/199     AC: 78    Str: 34    XL:     27
Magic:  52/52      EV:  2    Int: 12    God:    the Shining One [******]
Gold:   11430      SH:  0    Dex: 14    Spells: 3 memorised, 56 levels left

rFire  + + +     SeeInvis +     b - +11 morningstar of Chaos {crush, Int+4}
rCold  + + .     Clarity  .     h - +12 crystal plate armour of Okawaru's Reproof {MR+ rCorr Str+2}
rNeg   + + +     SustAb   +     B - +5 shield of the World {Str+6 Dex+3}
rPois  ∞         Gourm    .     g - +2 helmet {SInv}
rElec  +         Spirit   .     t - +1 cloak of Umyudd {rF+ Regen+ Int-3 Dex+5}
rCorr  +         Warding  .     r - +0 pair of gloves "Upryush" {MR++}
rMut   .         Stasis   .     o - +3 pair of boots of the Two of Pentacles {rC+ MR+ Int+2}
MR     +++++                    d - amulet of rage
Stlth  ..........               N - ring of the Lonely Seas {rF++ rC+ MP+9}
                                E - ring of sustain abilities

@: paralysed, exhausted, flying, slowed, glowing, almost entirely resistant to
hostile enchantments, extremely unstealthy
A: able to fly continuously, big wings, blurry vision 1, clumsy 2, deterioration
2, dopey 1, negative energy resistance 1, electricity resistance, weak 2,
unbreathing, petrification resistance, rot immunity, forlorn, placid magic 1,
MP-powered wands 1, AC +20
a: Stop Flying, Divine Shield, Cleansing Flame, Summon Divine Warrior, Renounce
Religion, Evoke Berserk Rage
}: 10/15 runes: serpentine, barnacled, slimy, silver, golden, iron, obsidian,
icy, bone, abyssal


You were in Pandemonium.
You worshipped the Shining One.
The Shining One was exalted by your worship.
You were not hungry.

You visited 18 branches of the dungeon, and saw 97 of its levels.
You visited Pandemonium 1 time, and saw 3 of its levels.
You visited the Abyss 3 times.
You visited 1 bazaar.
You also visited: Trove, Ossuary and Ice Cave.

You collected 17360 gold pieces.
You spent 5930 gold pieces at shops.

Inventory:

Hand weapons
 a - a +9 sacred scourge of holy wrath
 b - the +11 morningstar of Chaos (weapon) {crush, Int+4}
   (You bought it in a shop on level 4 of the Snake Pit)

   It inflicts extra damage upon your enemies.
   It affects your intelligence (+4).
 i - the +7 hand axe of World's End {flame, rC- Str+6, unknown}
   (You found it in Pandemonium)

   It has been specially enchanted to burn those struck by it, causing extra
   injury to most foes and up to half again as much damage against particularly
   susceptible opponents.
   Big, fiery blades are also staple armaments of hydra-hunters.
   It affects your strength (+6).
   It makes you vulnerable to cold.
 D - a +5 eudemon blade of holy wrath
Armour
 g - a +2 helmet of see invisible (worn)
 h - the +12 crystal plate armour of Okawaru's Reproof (worn) {MR+ rCorr Str+2}
   (You bought it in a shop on level 4 of the Vaults)

   It affects your strength (+2).
   It affects your resistance to hostile enchantments.
   It protects you from acid and corrosion.
 o - the +3 pair of boots of the Two of Pentacles (worn) {rC+ MR+ Int+2}
   (You bought it in a shop on level 1 of the Elven Halls)

   It affects your intelligence (+2).
   It protects you from cold.
   It affects your resistance to hostile enchantments.
 r - the +0 pair of gloves "Upryush" (worn) {MR++}
   (You acquired it on level 2 of the Depths)

   It affects your resistance to hostile enchantments.
 t - the +1 cloak of Umyudd (worn) {rF+ Regen+ Int-3 Dex+5}
   (You bought it in a shop on level 15 of the Dungeon)

   It affects your intelligence (-3).
   It affects your dexterity (+5).
   It protects you from fire.
   It increases your rate of regeneration.
 B - the +5 shield of the World (worn) {Str+6 Dex+3}
   (You found it on level 7 of Cocytus)

   It affects your strength (+6).
   It affects your dexterity (+3).
Jewellery
 d - an amulet of rage (around neck)
 w - an uncursed amulet of resist mutation
 E - a ring of sustain abilities (left hand)
 I - an uncursed amulet of the gourmand
 K - the ring of Vezat {Int+4 Dex+3}
   (You found it on level 7 of Tartarus)

   [ring of dexterity]

   It affects your intelligence (+4).
   It affects your dexterity (+3).
 M - an uncursed ring of protection from magic
 N - the ring of the Lonely Seas (right hand) {rF++ rC+ MP+9}
   (You acquired it on level 2 of the Lair of Beasts)

   [ring of magical power]

   It greatly protects you from fire.
   It protects you from cold.
   It affects your magic capacity (+9).
 Q - a cursed amulet of clarity
 S - the ring of Shaolin {EV+8}
   (You found it on level 8 of the Lair of Beasts)

   [ring of evasion]

   It affects your evasion (+8).
Magical devices
 c - a wand of digging (6)
 s - a wand of fire (4)
 C - a wand of digging (19)
 J - a wand of hasting (1)
 Z - a wand of teleportation (7)
Scrolls
 l - 5 scrolls of fog
 q - a scroll of identify
 v - 10 scrolls of blinking
 x - 8 scrolls of magic mapping
 y - 15 scrolls of remove curse
 z - 18 scrolls of teleportation
 P - 4 scrolls of fear
Potions
 k - 13 potions of haste
 m - 10 potions of heal wounds
 n - 5 potions of restore abilities
 F - 4 potions of cancellation
 G - 13 potions of curing
 T - 7 potions of resistance
Miscellaneous
 e - 4 phantom mirrors
 f - a phial of floods
 j - a stone of tremors
 p - a phial of floods
 u - a fan of gales
 A - a stone of tremors
Comestibles
 O - 17 beef jerkies
 U - 22 bread rations
 V - 5 meat rations


   Skills:
 O Level 27 Fighting
 O Level 27 Maces & Flails
 O Level 27 Armour
 * Level 26.6 Dodging
 - Level 1.9 Stealth
 O Level 27 Shields
 * Level 17.5 Spellcasting
 + Level 3.9 Charms
 + Level 3.6 Translocations
 - Level 13.0 Invocations
 + Level 23.8 Evocations


You had 56 spell levels left.
You knew the following spells:

 Your Spells              Type           Power        Failure   Level  Hunger
a - Repel Missiles        Chrm/Air       ##....       11%         2    None
b - Blink                 Tloc           N/A          4%          2    None
c - Apportation           Tloc           ##........   2%          1    None


Dungeon Overview and Level Annotations

Branches:
Dungeon (15/15)            Temple (1/1) D:6            Lair (8/8) D:11
 Shoals (5/5) Lair:6        Snake (5/5) Lair:6        Slime (6/6) Lair:7
    Orc (4/4) D:12            Elf (3/3) Orc:3        Vaults (5/5) D:14
  Crypt (3/3) Vaults:3       Tomb (3/3) Crypt:3      Depths (5/5) D:15
   Hell (1/1)                 Dis (7/7) Hell            Geh (7/7) Hell
    Coc (7/7) Hell            Tar (7/7) Hell            Zot (5/5) Depths:5

Altars:
Ashenzari
Cheibriados
Dithmenos
Elyvilon
Fedhas
Gozag
Kikubaaqudgha
Makhleb
Nemelex Xobeh
Okawaru
Qazlal
Ru
Sif Muna
Trog
Vehumet
Xom
Yredelemnul
Zin
The Shining One
Beogh
Jiyva
Lugonu

Shops:
D:15 [   Orc:4 =([**   Elf:1 [   Elf:2 ?   Shoals:3 *   Snake:3 *   Snake:4 (
Vaults:4 %?[}   Depths:5 ==

Portals:
Hell: Depths:1 Depths:2 Depths:3 Depths:4 Depths:5
Abyss: Depths:3 Depths:4 Depths:5
Pandemonium: Depths:3 Depths:4
Ziggurat: Depths:1


Innate Abilities, Weirdness & Mutations

You are resistant to torment.
You are immune to poison.
You can fly continuously.
Your stone body is very resilient (AC +20).
Your wings are large and strong.
You resist negative energy.
You are resistant to electric shocks.
You can survive without breathing.
You are immune to petrification.
You are immune to rotting.
Scrolls take you a little longer to read.
You are very clumsy. (Dex -4)
Your body is deteriorating.
You are dopey. (Int -2)
You are very weak. (Str -4)
You have difficulty communicating with the divine.
Your spells are a little easier to cast, but a little less powerful.
You expend magic power (3 MP) to slightly strengthen your wands.


Message History

* * * LOW HITPOINT WARNING * * *
The daeva hits you but does no damage. x2
The angel hits you but does no damage. x2
A daeva comes into view.
It is wielding an eudemon blade of holy wrath.
The daeva shouts!
The angel hits you but does no damage. x2
The apis gores you but does no damage. The angel hits you but does no damage.
The angel completely misses you.
The daeva calls down the wrath of Zin upon you.
Something smites you!
* * * LOW HITPOINT WARNING * * *
The daeva hits you but does no damage. x2
The angel hits you but does no damage. x2
The angel hits you but does no damage. x2
The apis gores you but does no damage.
The angel gestures.
The angel is healed somewhat.
The daeva calls down the wrath of Zin upon you.
Something smites you!
You die...

###..............###
####..................##
#####)...##############.#..#
###....).#.# ##...# ........##.#
#.. ##..## .)#........# ....
#...## .....##############.....
#....# ...#)#.#.#.#.#.#AA.......
#....## .....'.....)...A@#
#.....# ...#.#.#.#)#.#.#YAA......
#.....# .....##############.....
#.....# ..#...§....# .... #...).#
......§.##.# #.. ##..#...
.........#)# ##...##..
..}####....##############.#..##..
#### #.)........................
#...............##)(......≈


You could see an apis, 3 daevas and 2 angels.

Vanquished Creatures
  Antaeus (Coc:7)
  Asmodeus (Geh:7)
  the royal jelly (Slime:6)
  the Serpent of Hell (Coc:7)
  Ereshkigal (Tar:7)
  Dispater (Dis:7)
  8 orbs of fire (Zot:5)
  5 ancient liches
  28 greater mummies
  Boris (twice) (Crypt:3 Tomb:1)
  Sojobo (Tomb:1)
  2 caustic shrikes (Depths:2)
  20 shard shrikes
  Saint Roka (Vaults:4)
  A curse toe (Zot:1)
  Mara (Shoals:3)
  Mennas (Vaults:3)
  Geryon (Hell)
  3 Killer Klowns
  10 golden dragons
  The ghost of Sar the Force of Nature, a great OpSu of Fedhas (Depths:2)
  Jory (Vaults:3)
  A profane servitor (Abyss:4)
  2 pearl dragons (Pan)
  32 Brimstone Fiends
  8 bone dragons
  5 electric golems
  17 liches
  12 Hell Sentinels
  23 tentacled monstrosities
  17 Ice Fiends
  35 Shadow Fiends
  25 Orb Guardians
  7 titans (Vaults:5)
  3 deep elf blademasters
  35 acid blobs
  2 deep elf master archers (Elf:3)
  3 quicksilver dragons (Vaults:5)
  An octopode crusher (Depths:2)
  5 Executioners
  Murray (Hell)
  4 tentacled starspawn
  5 sphinxes
  12 eldritch tentacles
  Rupert (D:13)
  Agnes (Elf:3)
  7 tengu reavers
  6 ancient champions
  15 storm dragons
  19 shadow dragons
  Frances (Elf:3)
  4 revenants
  15 greater nagas
  2 draconian monks (Zot:5)
  16 azure jellies
  9 daevas (Pan)
  Ilsuiw (Shoals:5)
  9 fire giants
  Donald (D:13)
  Wiglaf (Shoals:3)
  16 balrugs
  16 iron dragons
  5 cacodemons
  A ghost moth (Zot:5)
  10 frost giants
  A draconian knight (Zot:5)
  19 vault wardens
  4 draconian scorchers
  11 deep elf sorcerers
  2 curse skulls
  2 orc warlords
  9 emperor scorpions
  5 draconian zealots
  17 angels (Pan)
  124 reapers
  7 draconian annihilators
  16 ghouls
  6 draconian shifters
  48 stone giants
  28 war gargoyles
  14 salamander firebrands
  4 elemental wellsprings
  A spriggan defender (Depths:2)
  16 ironheart preservers
  5 draconian callers
  10 deep elf demonologists
  12 green draconians
  5 very ugly things
  9 vampire knights
  4 ophanim
  8 grey draconians
  13 deep elf annihilators
  5 rakshasas
  2 black draconians
  19 apis (Pan)
  5 dire elephants
  10 pale draconians
  4 bennus
  2 purple draconians
  6 red draconians
  4 lorocyprocas
  3 eidola
  4 mottled draconians
  5 unborn
  8 yellow draconians
  2 white draconians (Zot:5)
  15 ettins
  18 blizzard demons
  3 deep elf high priests
  6 merfolk javelineers
  A spectral quicksilver dragon (Tomb:3)
  12 deep elf death magi
  17 fire dragons
  3 minotaurs
  3 crystal guardians (Crypt:3)
  10 quicksilver dragon zombies
  29 vault guards
  4 green deaths
  10 merfolk impalers
  20 mummy priests
  15 ogre magi
  The ghost of inmateoo the Slicer, a powerful VSAK of Lugonu (Lair:6)
  6 death oozes
  2 kraken zombies
  14 great orbs of eyes
  17 yaktaur captains
  6 jiangshi
  7 death cobs
  33 ice dragons
  Harold (Lair:8)
  3 spriggan air magi
  4 ghost crabs
  11 quicksilver dragon skeletons
  12 centaur warriors
  A spectral tengu (Vaults:3)
  20 naga warriors
  8 hydras
  An anaconda (shapeshifter) (Vaults:4)
  2 catoblepae
  6 merfolk avatars
  A ghost crab (shapeshifter) (Depths:2)
  Erica (D:10)
  12 anacondas
  4 deep troll earth magi
  An alligator snapping turtle (Shoals:2)
  An alligator (shapeshifter) (Depths:1)
  25 hell beasts
  20 dancing weapons
  4 tengu warriors
  5 merfolk aquamancers
  25 death yaks
  An orc high priest (Orc:4)
  A satyr (Shoals:5)
  5 deep troll shamans
  5 vampire magi
  10 sirens
  42 hell hogs
  15 thrashing horrors
  46 soul eaters
  17 titan zombies
  A death yak (shapeshifter) (Vaults:4)
  12 spriggan berserkers
  8 naga sharpshooters
  5 shock serpents
  95 hell knights
  12 storm dragon zombies
  Nergalle (D:14)
  26 sun demons
  10 iron golems
  A fire crab (shapeshifter) (Vaults:5)
  63 ice devils
  17 death scarabs
  10 titan skeletons
  10 wretched stars
  7 salamander mystics
  2 fire crabs
  230 skeletal warriors
  17 iron trolls
  9 storm dragon skeletons
  23 deep trolls
  7 cherubim (Pan)
  22 anaconda zombies
  7 shadow wraiths
  A death drake (shapeshifter) (Vaults:4)
  25 deep elf knights
  21 shadow demons
  22 sea snakes
  25 flayed ghosts
  8 deep elf summoners
  3 ghost moth zombies
  A swamp dragon (Zot:1)
  45 anubis guards
  3 death drakes
  2 naga ritualists
  14 golden dragon zombies
  26 hill giants
  A swamp dragon (shapeshifter) (Depths:4)
  9 ice statues
  An unseen horror (D:11)
  13 giant orange brains
  16 orc knights
  8 golden dragon skeletons
  Pikel (D:4)
  15 anaconda skeletons
  11 shadow dragon zombies
  19 ironbrand convokers
  39 necromancers
  2 hornets
  A sphinx zombie (Vaults:3)
  13 deep elf conjurers
  44 ugly things
  7 orc sorcerers
  25 phantasmal warriors
  A mana viper (shapeshifter) (Vaults:4)
  5 wizards
  14 shining eyes
  12 iron dragon zombies
  24 harpies
  8 wolf spider zombies
  15 stone giant zombies
  8 fauns
  10 mana vipers
  A hornet (shapeshifter) (Vaults:5)
  22 moths of wrath
  6 shadow dragon skeletons
  3 hill giants (shapeshifter)
  7 cyclopes
  12 fire giant zombies
  A sphinx skeleton (Vaults:1)
  7 wolf spiders
  19 frost giant zombies
  7 manticores
  24 salamanders
  10 elephants
  A guardian serpent (shapeshifter) (Vaults:1)
  28 worldbinders
  12 griffons
  12 oklob plants
  14 iron dragon skeletons
  2 draconians (shapeshifter)
  35 black mambas
  4 water nymphs
  An apocalypse crab (Abyss:3)
  4 sixfirhies
  12 stone giant skeletons
  Maurice (D:9)
  2 titan simulacra
  10 fire giant skeletons
  Joseph (D:8)
  23 vault sentinels
  18 guardian serpents
  3 centaur zombies
  11 molten gargoyles
  A shock serpent zombie (Geh:4)
  11 frost giant skeletons
  14 smoke demons
  A spiny frog (shapeshifter) (Vaults:4)
  7 dire elephant zombies
  28 naga magi
  56 rust devils
  6 torpor snails
  4 eyes of devastation
  A queen ant (Lair:7)
  3 shock serpent skeletons
  An alligator snapping turtle zombie (Crypt:2)
  An orange crystal statue (Depths:2)
  3 kobold demonologists
  5 emperor scorpion zombies
  A gargoyle (D:12)
  13 spiny frogs
  An elf (shapeshifter) (D:15)
  8 dire elephant skeletons
  3 fire drakes
  11 komodo dragons
  A golden dragon simulacrum (Coc:4)
  3 anaconda simulacra
  15 large abominations
  A yaktaur zombie (Depths:1)
  2 komodo dragons (shapeshifter)
  A death yak zombie (Depths:1)
  A pale draconian zombie (Tar:1)
  3 orange demons
  4 catoblepas zombies
  An alligator snapping turtle skeleton (Crypt:1)
  A tengu conjurer (D:13)
  8 efreet
  39 red devils
  60 tormentors
  55 hellions
  A demonic crawler (Hell)
  2 minotaur zombies
  A catoblepas skeleton (Tar:7)
  A mottled draconian skeleton (Geh:7)
  2 yellow draconian skeletons
  51 freezing wraiths
  33 guardian mummies
  3 queen bees (shapeshifter)
  4 wandering mushrooms (D:14)
  22 hydra zombies
  A spriggan druid (Lair:8)
  27 deep elf priests
  44 blue devils
  A jumping spider (shapeshifter) (Depths:4)
  2 merfolk (shapeshifter) (D:15)
  8 harpy zombies
  45 merfolk
  6 trolls
  11 blink frogs
  11 polar bears
  2 ancient zymes (Abyss:3)
  6 harpy skeletons
  69 yaktaurs
  9 silent spectres
  3 wind drakes
  3 jumping spiders
  4 bog bodies
  Grinder (D:6)
  Prince Ribbit (D:4)
  3 fire vortices
  11 raiju
  A raiju (shapeshifter) (D:15)
  29 two-headed ogres
  19 ettin zombies
  6 boulder beetles
  11 alligator zombies
  7 fire dragon zombies
  A frost giant simulacrum (Coc:1)
  A queen bee (Abyss:4)
  3 ravens
  226 slime creatures
  15 ushabtiu
  10 hydra skeletons
  6 redbacks
  A human simulacrum (Vaults:2)
  5 ice dragon zombies
  52 wraiths
  9 ice dragon skeletons
  2 ynoxinuls
  280 flying skulls
  A dire elephant simulacrum (Coc:7)
  7 black mamba zombies
  46 deep elf fighters
  33 deep elf magi
  15 snapping turtles
  A centaur simulacrum (D:15)
  9 fire dragon skeletons
  25 vampires
  9 ettin skeletons
  4 basilisks
  A tarantella (Vaults:1)
  29 water elementals
  105 shadows
  8 alligator skeletons
  2 air elementals (D:14)
  16 humans
  12 small abominations
  A stone giant simulacrum (Vaults:1)
  15 golden eyes
  17 spriggans
  9 wargs
  17 yaks
  10 hungry ghosts
  25 vampire mosquitoes
  A black mamba skeleton (Tar:3)
  6 fire bats
  5 mottled dragons
  A catoblepas simulacrum (Tar:3)
  4 neqoxecs
  3 wyverns
  13 soldier ants
  2 tengu zombies
  3 chaos spawn
  A soldier ant (shapeshifter) (Elf:1)
  31 fire elementals
  137 hell hounds
  16 hippogriffs
  3 spatial vortices
  Edmund (D:6)
  19 spiny frog zombies
  36 wolves
  An infernal demonspawn zombie (Geh:3)
  63 nagas
  A harpy simulacrum (D:14)
  2 merfolk zombies
  36 water moccasins
  A monstrous demonspawn zombie (Crypt:2)
  14 porcupines
  10 black bears
  4 tengu skeletons
  An alligator simulacrum (Hell)
  A merfolk skeleton (Coc:7)
  A hydra simulacrum (Coc:4)
  A swamp drake (Zot:1)
  An infernal demonspawn skeleton (Geh:1)
  5 spiny frog skeletons
  56 necrophages
  An ogre skeleton (Vaults:1)
  10 snapping turtle zombies
  44 orc warriors
  4 sky beasts
  A wasp (shapeshifter) (Depths:4)
  11 wasps
  A swamp dragon zombie (Tar:7)
  18 boggarts
  7 anubis guard zombies (Tomb:2)
  10 eyes of draining
  6 manticore zombies
  22 phantoms
  A centaur (shapeshifter) (Depths:4)
  An ice beast (shapeshifter) (Depths:3)
  24 centaurs
  4 lost souls
  A boring beetle (Lair:8)
  12 ice beasts
  A tengu (shapeshifter) (Vaults:5)
  A torpor snail zombie (Depths:1)
  62 ogres
  An anubis guard skeleton (Tomb:2)
  5 snapping turtle skeletons
  3 swamp dragon skeletons
  3 manticore skeletons
  A hog skeleton (Crypt:2)
  A hog zombie (Crypt:1)
  An elf zombie (Tar:3)
  14 giant frogs
  A brain worm (Abyss:1)
  19 crocodiles
  Blork the orc (D:5)
  An earth elemental (D:14)
  4 human skeletons
  A wyvern zombie (D:11)
  13 big kobolds
  A scorpion (D:12)
  A hell hound skeleton (Geh:4)
  4 spiny frog simulacra
  A wyvern skeleton (D:8)
  A hippogriff zombie (Crypt:1)
  2 spriggan skeletons
  2 troll zombies
  A killer bee (shapeshifter) (Depths:5)
  4 spriggan zombies
  11 killer bees
  158 wights
  2 oklob saplings (D:14)
  3 electric eels
  27 crimson imps
  A goliath beetle (shapeshifter) (D:15)
  2 goliath beetles
  45 starcursed masses
  2 quasits
  2 giant frog zombies
  10 hounds
  16 human zombies
  47 jellies
  2 giant frog skeletons
  53 iron imps
  28 orc priests
  5 centaur skeletons
  7 iguanas
  4 elf skeletons
  40 orc wizards
  15 hell rats
  47 worker ants
  A boulder beetle simulacrum (Vaults:2)
  29 sheep
  A naga zombie (Dis:5)
  An ogre zombie (Tar:6)
  Ijyb (D:5)
  Jessica (D:3)
  A big kobold zombie (Ossuary)
  A naga skeleton (Tar:7)
  A necrophage skeleton (Crypt:3)
  3 hound zombies
  63 mummies
  34 adders
  3 gnolls (D:6)
  59 river rats
  A giant mite (D:2)
  2 orc skeletons
  44 shadow imps
  40 white imps
  2 worms (D:2)
  18 ufetubi
  An adder skeleton (D:8)
  An adder zombie (Crypt:1)
  A giant gecko (D:4)
  18 oozes
  214 orcs
  A bat skeleton (D:8)
  8 giant cockroaches
  24 goblins
  24 hobgoblins
  54 kobolds
  15 quokkas
  2 river rat zombies (Crypt:2)
  5 ball pythons
  14 bats
  A giant gecko zombie (D:7)
  5 giant newts
  A gnoll zombie (Ossuary)
  A goblin zombie (D:5)
  A hobgoblin zombie (Ossuary)
  9 jackals
  A jackal skeleton (D:6)
  2 jackal zombies
  4 kobold zombies
  5 orc zombies
  33 rats
  A rat zombie (Ossuary)
  11 ballistomycetes
  4 crawling corpses
  3 fungi
  A plant (Lair:2)
  2 starspawn tentacles (Abyss:1)
  3 tentacles (Coc:7)
6944 creatures vanquished.

Vanquished Creatures (collateral kills)
  A great orb of eyes (Depths:1)
  A rakshasa (Depths:1)
  Nessos (D:14)
  A cyclops (D:14)
  A torpor snail (Depths:1)
  A vampire (Depths:1)
6 creatures vanquished.

Vanquished Creatures (others)
  An ancient lich (Zot:5)
  3 eldritch tentacles
  A tengu reaver (Depths:1)
  A fire giant (Geh:7)
  2 draconian scorchers
  3 elemental wellsprings
  A draconian caller (Zot:5)
  A titan skeleton (Crypt:3)
  A storm dragon skeleton (Geh:5)
  A flayed ghost (Geh:7)
  An anubis guard (Tomb:2)
  An anaconda skeleton (Geh:3)
  A mana viper (Tomb:3)
  2 wolf spider zombies
  A phantasmal warrior (Crypt:2)
  A shadow dragon skeleton (Geh:7)
  A necromancer (Geh:6)
  A stone giant zombie (Dis:7)
  8 drowned souls
  A cyclops (Vaults:2)
  A guardian serpent (Snake:5)
  A shock serpent skeleton (Geh:7)
  2 fire drakes (Zot:1)
  A deep elf priest (Vaults:5)
  A fire vortex (Geh:2)
  A harpy skeleton (Geh:7)
  An ice dragon zombie (Tomb:2)
  A vampire (Depths:2)
  5 flying skulls
  A wraith (Geh:7)
  2 nagas
  A spiny frog zombie (Coc:7)
  A sky beast (D:8)
  A spiny frog skeleton (Geh:7)
  2 necrophages
  A slave (D:4)
  A centaur (D:14)
  An ogre (Depths:3)
  A human (D:2)
  A boggart (Vaults:1)
  11 lost souls
  A worker ant (D:4)
  A scorpion (D:4)
  A wight (Geh:2)
  3 crimson imps
  A starcursed mass (Abyss:3)
  An iron imp (Dis:7)
  2 mummies (Tomb:2)
  6 white imps
  A shadow imp (Tar:5)
  An ufetubus (IceCv)
  3 orcs (Vaults:5)
  A hobgoblin (D:4)
  2 kobolds (D:14)
  2 giant spores
  An orc skeleton (Tomb:2)
  9 bushes (Zot:1)
  360 eldritch tentacle segments
  21 fungi
  30 plants
  8 starspawn tentacles
  8 starspawn tentacle segments
  7 tentacles
  247 tentacle segments
788 creatures vanquished.

Grand Total: 7738 creatures vanquished

Notes
Turn   | Place    | Note
--------------------------------------------------------------
     0 | D:1      | theElss, the Gargoyle Berserker, began the quest for the Orb.
     0 | D:1      | Reached XP level 1. HP: 14/14 MP: 1/1
   409 | D:1      | Reached XP level 2. HP: 17/19 MP: 2/2
   673 | D:1      | Reached XP level 3. HP: 21/23 MP: 3/3
   801 | D:1      | Acquired Trog's second power
  1377 | D:2      | Reached XP level 4. HP: 29/29 MP: 4/4
  1387 | D:2      | Found a glowing golden altar of the Shining One.
  1452 | D:2      | Reached skill level 1 in Stealth
  1538 | D:2      | Found an ancient bone altar of Kikubaaqudgha.
  1538 | D:2      | Noticed a human
  1543 | D:2      | Killed a human
  2019 | D:2      | Reached skill level 4 in Fighting
  2115 | D:3      | Reached XP level 5. HP: 33/33 MP: 5/5
  2671 | D:3      | Noticed Jessica
  2678 | D:3      | Killed Jessica
  2913 | D:4      | Reached XP level 6. HP: 4/39 MP: 6/6
  3123 | D:4      | Noticed a slave
  3125 | D:4      | Noticed Pikel
  3126 | D:4      | Noticed a slave
  3127 | D:4      | Noticed a slave
  3133 | D:4      | Noticed a slave
  3133 | D:4      | Killed Pikel
  3133 | D:4      | Reached skill level 5 in Fighting
  3133 | D:4      | Reached skill level 5 in Maces & Flails
  3133 | D:4      | Reached XP level 7. HP: 44/44 MP: 7/7
  3335 | D:4      | Noticed Prince Ribbit
  3504 | D:4      | Killed Prince Ribbit
  3504 | D:4      | Reached skill level 6 in Maces & Flails
  3504 | D:4      | Reached XP level 8. HP: 50/50 MP: 8/8
  3722 | D:4      | Killed a freed slave
  4101 | D:5      | Entered Level 5 of the Dungeon
  4244 | D:5      | Noticed Blork the orc
  4275 | D:5      | Killed Blork the orc
  4418 | D:5      | Found a sand-covered staircase.
  4431 | Ossuary  | Entered an ossuary
  4578 | Ossuary  | Reached skill level 5 in Armour
  4840 | D:5      | Reached skill level 7 in Maces & Flails
  4882 | D:5      | Got an ancient marble ring
  5527 | D:5      | Found a blossoming altar of Fedhas.
  5528 | D:5      | Found a shattered altar of Ashenzari.
  5754 | D:6      | Noticed Ijyb
  5802 | D:5      | Killed Ijyb
  5816 | D:5      | Reached XP level 9. HP: 56/56 MP: 9/9
  5997 | D:5      | Identified the ring "Negri" {rC++ SInv} (You found it on level 5 of the Dungeon)
  6079 | D:6      | Found a deep blue altar of Sif Muna.
  6089 | D:6      | Found a staircase to the Ecumenical Temple.
  6183 | D:6      | Noticed Grinder
  6192 | D:6      | Paralysed by Grinder for 3 turns
  6201 | D:6      | Paralysed by Grinder for 6 turns
  6209 | D:6      | Killed Grinder
  6209 | D:6      | Reached skill level 8 in Maces & Flails
  6288 | D:6      | Noticed Edmund
  6303 | D:6      | Killed Edmund
  6638 | D:7      | Reached skill level 5 in Dodging
  6720 | D:7      | Found an iron altar of Okawaru.
  6753 | D:7      | Found a stormy altar of Qazlal.
  6947 | D:7      | You fall through a shaft!
  7041 | D:8      | Noticed Joseph
  7071 | D:8      | Killed Joseph
  7291 | D:8      | Reached skill level 9 in Maces & Flails
  7427 | D:8      | Reached XP level 10. HP: 59/64 MP: 10/10
  7590 | D:8      | Acquired Trog's third power
  8155 | D:9      | Received a gift from Trog
  8155 | D:9      | Reached skill level 10 in Maces & Flails
  8235 | D:9      | Found a snail-covered altar of Cheibriados.
  8698 | D:9      | Noticed Maurice
  8709 | D:9      | Killed Maurice
  8765 | D:10     | Entered Level 10 of the Dungeon
  8914 | D:10     | Reached skill level 1 in Shields
  9342 | D:10     | Reached XP level 11. HP: 69/69 MP: 11/11
  9571 | D:10     | Noticed Erica
 10018 | D:10     | Killed Erica
 10224 | D:11     | Noticed a hill giant
 10235 | D:11     | Killed a hill giant
 10355 | D:11     | Found a staircase to the Lair.
 10396 | D:11     | Reached skill level 11 in Maces & Flails
 10818 | Temple   | Entered the Ecumenical Temple
 11021 | D:12     | Reached skill level 5 in Shields
 11066 | D:11     | Noticed an unseen horror
 11108 | D:11     | Killed an unseen horror
 12355 | D:12     | Found a staircase to the Orcish Mines.
 12389 | D:12     | Received a gift from Trog
 12555 | D:12     | Reached XP level 12. HP: 76/76 MP: 4/12
 13489 | D:13     | Received a gift from Trog
 13655 | D:13     | Reached skill level 12 in Maces & Flails
 14200 | D:13     | Noticed a tengu warrior
 14220 | D:13     | Killed a tengu warrior
 14523 | Lair:1   | Entered Level 1 of the Lair of Beasts
 15156 | Lair:1   | Reached skill level 10 in Fighting
 16466 | Lair:2   | Reached XP level 13. HP: 82/82 MP: 13/13
 16601 | Lair:2   | Received a gift from Trog
 17284 | Lair:3   | Reached skill level 10 in Armour
 17400 | Lair:3   | Got a fine morningstar
 17401 | Lair:3   | Identified the +10 morningstar of the Hidden Vale {flame, MR+} (You found it on level 3 of the Lair of Beasts)
 17719 | Lair:3   | Reached skill level 13 in Maces & Flails
 17958 | Lair:4   | Got an ancient flail
 17959 | Lair:4   | Identified the +7 flail of Internal Strife {crush, +Inv rN+} (You found it on level 4 of the Lair of Beasts)
 18145 | Lair:4   | Received a gift from Trog
 18756 | Lair:5   | Found an opulent altar of Gozag.
 18772 | Lair:5   | Reached skill level 10 in Shields
 19751 | Lair:6   | Noticed inmateoo's ghost (powerful VSAK)
 19769 | Lair:6   | Killed inmateoo's ghost
 20025 | Lair:6   | Received a gift from Trog
 20190 | Lair:6   | Found a staircase to the Shoals.
 20334 | Lair:6   | Found a staircase to the Snake Pit.
 20578 | Lair:7   | Gained mutation: Your wings are large and strong. [gargoyle growth]
 20578 | Lair:7   | Reached XP level 14. HP: 83/90 MP: 14/14
 20787 | Lair:7   | Found a viscous altar of Jiyva.
 20788 | Lair:7   | Found a staircase to the Slime Pits.
 20804 | Lair:7   | Found a frozen archway.
 20818 | IceCv    | Entered an ice cave
 20954 | IceCv    | Reached skill level 14 in Maces & Flails
 21246 | Lair:7   | Received a gift from Trog
 21430 | Lair:7   | Received a gift from Trog
 21928 | Lair:8   | Entered Level 8 of the Lair of Beasts
 21940 | Lair:8   | HP: 3/91 [something (17)]
 22085 | Lair:8   | Got a pair of distressingly furry boots
 22096 | Lair:8   | Identified the cursed -4 pair of boots "Priosseh" {rElec rF+ rC- Str-3 Stlth-} (You found it on level 8 of the Lair of Beasts)
 22360 | Lair:8   | Noticed Harold
 22369 | Lair:8   | Killed Harold
 22548 | Lair:8   | Received a gift from Trog
 22846 | Lair:8   | Reached XP level 15. HP: 96/96 MP: 15/15
 23158 | Lair:8   | Received a gift from Trog
 23543 | Lair:2   | Upgraded the game from 0.16.0-18-g484a79e to 0.16.1
 23661 | Orc:1    | Entered Level 1 of the Orcish Mines
 24068 | Orc:1    | Received a gift from Trog
 25096 | Orc:3    | Received a gift from Trog
 25108 | Orc:3    | Found a staircase to the Elven Halls.
 25826 | Orc:4    | Entered Level 4 of the Orcish Mines
 25881 | Orc:4    | Found Upal's Assorted Antiques.
 25896 | Orc:4    | Bought a pair of faintly humming gloves for 275 gold pieces
 25917 | Orc:3    | Identified the -2 pair of gloves "Phaskead" {-Cast rPois Int+3} (You bought it in a shop on level 4 of the Orcish Mines)
 26070 | Orc:4    | Received a gift from Trog
 26153 | Orc:4    | Found a staircase to the Elven Halls.
 26629 | Orc:4    | Found a roughly hewn altar of Beogh.
 26707 | Orc:4    | Found Wiguc's Jewellery Shop.
 26738 | Orc:4    | Received a gift from Trog
 26751 | Orc:4    | Found Ageohivau's Antique Weapon Shop.
 26886 | Orc:4    | Reached skill level 15 in Maces & Flails
 26977 | Orc:4    | Found Qamie's Antique Armour Shop.
 26984 | Orc:4    | Bought a fine buckler for 247 gold pieces
 26984 | Orc:4    | Bought a shiny plate armour for 598 gold pieces
 27011 | Orc:4    | Found Qiatod's General Store.
 27035 | Orc:4    | Bought a scroll of holy word for 82 gold pieces
 27053 | Orc:4    | Identified the cursed -8 buckler of Mysticism {rF+ Dex+3} (You bought it in a shop on level 4 of the Orcish Mines)
 27175 | D:14     | Found a gate to the Vaults.
 27175 | D:14     | Noticed Rupert
 27175 | D:14     | Noticed Donald
 27197 | D:13     | Killed Rupert
 27212 | D:13     | Killed Donald
 27319 | D:14     | Received a gift from Trog
 27384 | D:14     | Noticed Nessos
 27428 | D:14     | HP: 2/97 [cyclops/large rock (39)]
 27436 | D:14     | Killed Nessos
 27582 | D:14     | Noticed Nergalle
 27621 | D:14     | Killed Nergalle
 28018 | D:14     | Reached skill level 10 in Dodging
 28135 | D:14     | Found a blossoming altar of Fedhas.
 28143 | D:14     | Reached XP level 16. HP: 103/103 MP: 16/16
 28573 | D:14     | Received a gift from Trog
 28892 | D:15     | Entered Level 15 of the Dungeon
 29032 | D:15     | Got a jewelled great mace
 29241 | D:15     | Found a staircase to the Depths.
 29402 | D:15     | Found a corrupted altar of Lugonu.
 29713 | D:15     | Found Ezaalis' Antique Armour Boutique.
 29717 | D:15     | Bought a glowing helmet for 126 gold pieces
 29717 | D:15     | Bought a heavily runed cloak for 266 gold pieces
 29737 | D:15     | Identified the +1 cloak of Umyudd {rF+ Regen+ Int-3 Dex+5} (You bought it in a shop on level 15 of the Dungeon)
 29934 | Lair:2   | Identified the +7 great mace of Honour {flame, MR+ Str+2 Int+4 Dex+7} (You found it on level 15 of the Dungeon)
 30148 | Snake:1  | Entered Level 1 of the Snake Pit
 30232 | Snake:1  | Reached skill level 16 in Maces & Flails
 30326 | Snake:1  | Received a gift from Trog
 30684 | Snake:1  | Found a runed gate.
 30684 | Snake:1  | Found a runed gate.
 30684 | Snake:1  | Found a runed gate.
 31098 | Snake:2  | Received a gift from Trog
 31331 | Snake:2  | Reached XP level 17. HP: 109/109 MP: 17/17
 31429 | Snake:2  | Reached skill level 15 in Shields
 32078 | Snake:3  | Found Wadot's General Store.
 32086 | Snake:3  | Received a gift from Trog
 32140 | Snake:3  | Bought a potion of agility for 76 gold pieces
 33104 | Snake:4  | Found Clepn's Antique Weapon Boutique.
 33159 | Snake:4  | Bought a twisted morningstar for 189 gold pieces
 33217 | Snake:4  | Identified the +11 morningstar of Chaos {crush, Int+4} (You bought it in a shop on level 4 of the Snake Pit)
 33333 | Snake:4  | Received a gift from Trog
 33868 | Snake:5  | Entered Level 5 of the Snake Pit
 34072 | Snake:5  | Reached XP level 18. HP: 116/116 MP: 18/18
 34130 | Snake:5  | Received a gift from Trog
 34624 | Snake:5  | Reached skill level 17 in Maces & Flails
 34810 | Snake:5  | Received a gift from Trog
 35181 | Snake:5  | Reached skill level 15 in Armour
 35222 | Snake:5  | Got a serpentine rune of Zot
 35622 | Lair:2   | Upgraded the game from 0.16.1 to 0.16.1-2-g95b8d4c
 35798 | Shoals:1 | Entered Level 1 of the Shoals
 36550 | Shoals:2 | Reached skill level 15 in Fighting
 37461 | Shoals:3 | Noticed Mara
 37541 | Shoals:4 | Got an ichor-stained battleaxe
 37647 | Shoals:4 | Received a gift from Trog
 38137 | Shoals:4 | Reached XP level 19. HP: 124/124 MP: 18/18
 38598 | Shoals:3 | Noticed theElss' illusion
 38619 | Shoals:5 | Entered Level 5 of the Shoals
 38626 | Shoals:5 | Noticed theElss' illusion
 38764 | Shoals:3 | Found Reumif's General Store.
 38793 | Shoals:3 | Bought a potion of berserk rage for 65 gold pieces
 38886 | Shoals:3 | Noticed Wiglaf
 38923 | Shoals:3 | Killed Wiglaf
 39501 | Shoals:3 | Noticed theElss' illusion
 39501 | Shoals:3 | Killed Mara
 39546 | Shoals:5 | Received a gift from Trog
 39730 | Shoals:5 | Got a barnacled rune of Zot
 40190 | Shoals:5 | Noticed Ilsuiw
 40210 | Shoals:5 | Killed Ilsuiw
 40296 | Shoals:5 | Got an encrusted war axe
 40409 | Shoals:5 | Received a gift from Trog
 40997 | Lair:2   | Identified the +6 war axe of Breaj {drain, rC+ rN+ Int+2 Dex-3} (You took it off a merfolk on level 5 of the Shoals)
 41229 | Depths:1 | Entered Level 1 of the Depths
 41232 | Depths:1 | Cast into the Abyss (a wizard)
 41232 | Abyss:1  | Found a corrupted altar of Lugonu.
 41275 | Depths:1 | Escaped the Abyss
 41427 | Depths:1 | Found a gateway to a ziggurat.
 41806 | Depths:1 | Reached XP level 20. HP: 114/132 MP: 19/19
 41905 | Depths:1 | Received a gift from Trog
 42237 | Depths:1 | Noticed a lich
 42249 | Depths:1 | Paralysed by a vampire knight for 3 turns
 42366 | Depths:1 | Found a gateway to Hell.
 42508 | Depths:1 | Killed a lich
 43340 | Depths:2 | Received a gift from Trog
 43439 | Depths:2 | Noticed Sar's ghost (great OpSu)
 43468 | Depths:2 | Killed Sar's ghost
 43651 | Depths:2 | Noticed a caustic shrike
 43687 | Depths:2 | Noticed a caustic shrike
 43910 | Depths:2 | Got a brightly glowing plate armour
 43921 | Depths:2 | Identified the cursed -5 plate armour "Diasem" {rPois rC+ rCorr Int-5 Dex+7} (You found it on level 2 of the Depths)
 44144 | Depths:2 | Killed a caustic shrike
 44159 | Depths:2 | Killed a caustic shrike
 44420 | Depths:2 | Got an uncursed dazzling morningstar {freeze}
 44421 | Depths:2 | Identified the +8 morningstar of Nemelex Xobeh's Regard {freeze, rElec} (You took it off a centaur on level 2 of the Depths)
 44511 | Depths:3 | Found a one-way gate to the infinite horrors of the Abyss.
 44543 | Depths:2 | Reached skill level 18 in Maces & Flails
 44572 | Depths:2 | Received a gift from Trog
 44572 | Depths:2 | Reached XP level 21. HP: 137/140 MP: 20/20
 44880 | Depths:3 | Found a portal to a secret trove of treasure.
 44929 | Depths:3 | Reached skill level 1 in Evocations
 44964 | Depths:3 | Received a gift from Trog
 45138 | Depths:3 | Found a one-way gate leading to the halls of Pandemonium.
 45234 | Depths:3 | Reached skill level 5 in Evocations
 46188 | Depths:4 | HP: 3/140 [deep troll earth mage/Lee's Rapid Deconstruction (28)]
 46349 | Depths:4 | Found a sparkling altar of Nemelex Xobeh.
 46457 | Depths:4 | Received a gift from Trog
 46673 | Depths:4 | Noticed a golden dragon
 46689 | Depths:4 | Killed a golden dragon
 46825 | Depths:4 | Found a corrupted altar of Lugonu.
 46938 | Depths:4 | Noticed a golden dragon
 46947 | Depths:4 | Killed a golden dragon
 46947 | Depths:4 | Reached skill level 10 in Evocations
 47333 | Depths:4 | Received a gift from Trog
 47400 | Depths:5 | Entered Level 5 of the Depths
 47426 | Depths:5 | Reached XP level 22. HP: 134/146 MP: 34/34
 47470 | Depths:5 | Found Wehu's Jewellery Emporium.
 47612 | Depths:5 | Bought a cursed amulet of resist mutation for 777 gold pieces
 48291 | Depths:5 | Found Ipibengi's Jewellery Shop.
 48469 | Depths:5 | Received a gift from Trog
 48550 | Depths:5 | Found a gate to the Realm of Zot.
 48957 | Vaults:1 | Entered Level 1 of the Vaults
 49343 | Vaults:1 | Received a gift from Trog
 49879 | Vaults:1 | Received a gift from Trog
 50230 | Vaults:1 | Identified a scroll of acquirement
 50248 | Vaults:1 | Got a pair of translucent boots
 50259 | Vaults:1 | Identified the +0 pair of boots of the Known World {Contam rPois rN+ MP+9 Int+5} (You acquired it on level 1 of the Vaults)
 51164 | Vaults:2 | Reached XP level 23. HP: 142/153 MP: 36/36
 51228 | Vaults:2 | Received a gift from Trog
 52079 | Vaults:2 | Reached skill level 19 in Fighting
 52335 | Vaults:3 | Received a gift from Trog
 52637 | Vaults:3 | Noticed Mennas
 52744 | Vaults:3 | Killed Mennas
 52864 | Vaults:3 | Noticed Jory
 52891 | Vaults:3 | Killed Jory
 53474 | Vaults:3 | Received a gift from Trog
 53502 | Vaults:3 | Reached skill level 15 in Dodging
 54098 | Vaults:3 | Found a staircase to the Crypt.
 54148 | Vaults:3 | Found a bloodstained altar of Trog.
 54537 | Vaults:3 | Received a gift from Trog
 54710 | Vaults:4 | Found a flickering gateway to a bazaar.
 54715 | Bazaar   | Entered a bazaar
 54740 | Bazaar   | Found Ryolulou's Weapon Boutique.
 54785 | Bazaar   | Found Nalaihib's Magic Scroll Boutique.
 54809 | Bazaar   | Found Shane's Magic Scroll Shoppe.
 54871 | Bazaar   | Found Thiececw's Distillery.
 54876 | Bazaar   | Bought a potion of curing for 27 gold pieces
 54876 | Bazaar   | Bought a potion of heal wounds for 45 gold pieces
 54876 | Bazaar   | Bought a potion of curing for 27 gold pieces
 54876 | Bazaar   | Bought a potion of heal wounds for 45 gold pieces
 54876 | Bazaar   | Bought a potion of curing for 27 gold pieces
 54876 | Bazaar   | Bought a potion of curing for 27 gold pieces
 54876 | Bazaar   | Bought 3 potions of heal wounds for 135 gold pieces
 54914 | Bazaar   | Bought a scroll of identify for 26 gold pieces
 54914 | Bazaar   | Bought 2 scrolls of identify for 52 gold pieces
 54914 | Bazaar   | Bought a scroll of enchant armour for 97 gold pieces
 54914 | Bazaar   | Bought a scroll of teleportation for 39 gold pieces
 54914 | Bazaar   | Bought a scroll of enchant armour for 97 gold pieces
 54914 | Bazaar   | Bought a scroll of enchant armour for 97 gold pieces
 54914 | Bazaar   | Bought a scroll of enchant weapon for 97 gold pieces
 54934 | Bazaar   | Bought a scroll of blinking for 60 gold pieces
 54934 | Bazaar   | Bought a scroll of identify for 16 gold pieces
 54934 | Bazaar   | Bought a scroll of fear for 28 gold pieces
 54934 | Bazaar   | Bought a scroll of blinking for 60 gold pieces
 54934 | Bazaar   | Bought a scroll of teleportation for 24 gold pieces
 54934 | Bazaar   | Bought a scroll of blinking for 60 gold pieces
 54934 | Bazaar   | Bought a scroll of identify for 16 gold pieces
 54956 | Bazaar   | Found Qufi's Antique Armour Shoppe.
 55145 | Vaults:4 | Reached XP level 24. HP: 79/162 MP: 36/36
 55283 | Vaults:4 | Noticed Saint Roka
 55286 | Vaults:4 | Found Cissaapt's Armour Boutique.
 55310 | Vaults:4 | Killed Saint Roka
 55378 | Vaults:4 | Found Gaidu's Gadget Emporium.
 55785 | Vaults:4 | Found Guakiapt's Magic Scroll Shop.
 55882 | Vaults:4 | Reached skill level 20 in Fighting
 55926 | Vaults:4 | Found Foysydd's Food Shoppe.
 56192 | Vaults:4 | Received a gift from Trog
 56737 | Lair:2   | Got a shimmering pewter ring
 56739 | Lair:2   | Identified the ring "Smuenydgh" {rF+ Stlth+} (You acquired it on level 2 of the Lair of Beasts)
 56854 | Elf:1    | Entered Level 1 of the Elven Halls
 57142 | Elf:1    | Found Shaesh's Armour Emporium.
 57156 | Elf:1    | Bought the +3 pair of boots of the Two of Pentacles {rC+ MR+ Int+2} for 736 gold pieces
 57263 | Elf:1    | Received a gift from Trog
 57837 | Elf:2    | Found a runed gate.
 57839 | Elf:2    | Found a runed gate.
 57840 | Elf:2    | Found a runed gate.
 57842 | Elf:2    | Got an iridescent scimitar
 57852 | Elf:2    | Got a bloodstained bardiche
 57955 | Elf:2    | Found Fiha's Magic Scroll Shoppe.
 57957 | Elf:2    | Received a gift from Trog
 58202 | Lair:2   | Identified the +8 scimitar "Josk" {holy, rC+ MR+ Str-5 Dex+2} (You found it on level 2 of the Elven Halls)
 58208 | Lair:2   | Identified the cursed +2 bardiche "Kawnia" {freeze, -Tele +Rage rPois Int+2} (You found it on level 2 of the Elven Halls)
 58275 | Lair:2   | Identified a +0 pair of boots of running (You acquired it on level 2 of the Lair of Beasts)
 58286 | Lair:2   | Got a scintillating ivory ring
 58288 | Lair:2   | Identified the ring "Xigaju" {+Fly rN+ AC+1 Int+7 Dex-2} (You acquired it on level 2 of the Lair of Beasts)
 58674 | Elf:2    | Received a gift from Trog
 59034 | Elf:3    | Entered Level 3 of the Elven Halls
 59102 | Elf:3    | Noticed Agnes
 59111 | Elf:3    | Killed Agnes
 59384 | Elf:3    | Received a gift from Trog
 59457 | Elf:3    | Noticed Frances
 59476 | Elf:3    | Killed Frances
 60022 | Elf:3    | Received a gift from Trog
 60321 | Elf:3    | Reached XP level 25. HP: 170/170 MP: 37/37
 60377 | Elf:3    | Got a coiled ivory ring
 60441 | Elf:3    | Identified the ring of Cliajong {MR+ Dex+4 Stlth+} (You took it off a deep elf demonologist on level 3 of the Elven Halls)
 61216 | Depths:3 | You paid a toll of 17 potions of curing to enter a treasure trove
 61217 | Trove    | Entered a treasure trove
 61242 | Trove    | Got a pair of heavily runed boots
 61244 | Trove    | Got a fine wooden ring
 61248 | Trove    | Got a coiled pewter ring
 61342 | Depths:2 | Reached skill level 21 in Fighting
 61628 | Lair:2   | Identified the -6 pair of boots "Thasm" {rC- Dex+4 Slay+3 SInv} (You found it in a treasure trove)
 61651 | Lair:2   | Identified the ring of the Three Spirits {MP+9 Str+6} (You found it in a treasure trove)
 61653 | Lair:2   | Identified the ring of Pumicife {+/*Tele Str+9} (You found it in a treasure trove)
 61936 | Vaults:4 | Bought the +12 crystal plate armour of Okawaru's Reproof {MR+ rCorr Str+2} for 1391 gold pieces
 62343 | Elf:3    | Got a twisted scale mail
 62613 | Lair:2   | Identified the +4 scale mail of Smo Mecext {rPois} (You took it off a deep elf blademaster on level 3 of the Elven Halls)
 62900 | Slime:1  | Entered Level 1 of the Pits of Slime
 62978 | Slime:1  | Received a gift from Trog
 63741 | Slime:2  | Received a gift from Trog
 64876 | Slime:4  | Received a gift from Trog
 64935 | Slime:5  | Gained mutation: You evolve. [a shining eye]
 65400 | Slime:6  | Entered Level 6 of the Pits of Slime
 65575 | Slime:6  | Reached skill level 22 in Fighting
 65699 | Slime:6  | Gained mutation: You are clumsy. (Dex -2) [a shining eye]
 65711 | Slime:6  | Reached XP level 26. HP: 164/179 MP: 37/37
 66072 | Lair:2   | Reached XP level 27. HP: 182/184 MP: 38/38
 66445 | Slime:6  | Gained mutation: You occasionally shout uncontrollably at your foes. [a shining eye]
 66504 | Slime:6  | Found a viscous altar of Jiyva.
 66533 | Slime:6  | Noticed the royal jelly
 66562 | Slime:6  | Killed the royal jelly
 67032 | Slime:6  | Got a translucent copper ring
 67477 | Lair:2   | Identified the ring "Ghutading" {+Fly rF+ Str-5 Int+4 Stlth-} (You found it on level 6 of the Pits of Slime)
 67557 | Lair:2   | Lost mutation: You occasionally shout uncontrollably at your foes. [evolution]
 67857 | Slime:6  | Got a dazzling war axe
 67864 | Slime:6  | Got a slimy rune of Zot
 67936 | Slime:6  | Got an ancient granite ring
 67940 | Slime:6  | Got a heavily runed lead amulet
 68004 | Slime:6  | Got an encrusted dagger
 68319 | Lair:2   | Identified the ring "Katatteap" {+/*Tele +Fly Int+5} (You found it on level 6 of the Pits of Slime)
 68332 | Lair:2   | Identified the amulet "Lyckual" {Spirit rC- Int+6 Dex+5} (You found it on level 6 of the Pits of Slime)
 68333 | Lair:2   | Identified the +5 dagger "Toab" {antimagic, rC- MR+ Str+4 Dex+4} (You found it on level 6 of the Pits of Slime)
 68334 | Lair:2   | Identified the +9 war axe of Xomougojo {chop, rC+ rN++ Str+2 Int-2} (You found it on level 6 of the Pits of Slime)
 68668 | Depths:2 | Got a pair of warped gloves
 68679 | Depths:2 | Identified the +0 pair of gloves "Upryush" {MR++} (You acquired it on level 2 of the Depths)
 68727 | Hell     | Entered the Vestibule of Hell
 68727 | Hell     | Noticed Geryon
 68732 | Hell     | Received a gift from Trog
 69019 | Zot:1    | Entered Level 1 of the Realm of Zot
 69519 | Zot:1    | Received a gift from Trog
 69954 | Zot:1    | Reached skill level 23 in Fighting
 70511 | Zot:2    | Got a translucent amber ring
 70513 | Zot:2    | Identified the ring "Zeoschan" {+cTele rElec rC- MP+9 Str+4 Int-5} (You acquired it on level 2 of the Realm of Zot)
 74204 | Zot:3    | Received a gift from Trog
 75469 | Zot:5    | Entered Level 5 of the Realm of Zot
 75739 | Zot:5    | Noticed an ancient lich
 75744 | Zot:5    | Noticed an ancient lich
 75760 | Zot:5    | Killed an ancient lich
 75771 | Zot:5    | Killed an ancient lich
 75771 | Zot:5    | Reached skill level 24 in Fighting
 75830 | Zot:5    | Noticed an orb of fire
 75830 | Zot:5    | Gained mutation: You tend to lose your temper in combat. [an orb of fire]
 75843 | Zot:5    | Killed an orb of fire
 75973 | Zot:5    | Noticed an orb of fire
 75985 | Zot:5    | Killed an orb of fire
 76054 | Zot:5    | Noticed an orb of fire
 76060 | Zot:5    | Noticed an ancient lich
 76071 | Zot:5    | Killed an ancient lich
 76079 | Zot:5    | Killed an orb of fire
 76087 | Zot:5    | Noticed an ancient lich
 76233 | Zot:5    | Killed an ancient lich
 76301 | Zot:5    | Noticed an orb of fire
 76313 | Zot:5    | Killed an orb of fire
 76395 | Zot:5    | Noticed an orb of fire
 76408 | Zot:5    | Killed an orb of fire
 76408 | Zot:5    | Reached skill level 15 in Evocations
 76584 | Zot:5    | Noticed an orb of fire
 76607 | Zot:5    | Killed an orb of fire
 76745 | Zot:5    | Noticed an orb of fire
 76788 | Zot:5    | Killed an orb of fire
 76993 | Zot:5    | Received a gift from Trog
 77116 | Zot:5    | Noticed an orb of fire
 77139 | Zot:5    | Killed an orb of fire
 77139 | Zot:5    | Reached skill level 25 in Fighting
 78278 | Lair:2   | Got a scintillating tin ring
 78280 | Lair:2   | Identified the ring of the Lonely Seas {rF++ rC+ MP+9} (You acquired it on level 2 of the Lair of Beasts)
 78313 | Lair:2   | Lost mutation: You tend to lose your temper in combat. [potion of cure mutation]
 78313 | Lair:2   | Lost mutation: You are clumsy. (Dex -2) [potion of cure mutation]
 78313 | Lair:2   | Lost mutation: You evolve. [potion of cure mutation]
 78586 | Vaults:5 | Entered Level 5 of the Vaults
 78610 | Vaults:4 | Received a gift from Trog
 79657 | Vaults:5 | Received a gift from Trog
 79755 | Vaults:5 | Reached skill level 26 in Fighting
 79870 | Vaults:5 | Got a silver rune of Zot
 80483 | Vaults:5 | Received a gift from Trog
 81283 | D:2      | Fell from the grace of Trog
 81283 | D:2      | Became a worshipper of the Shining One
 81784 | Vaults:5 | Got a twisted shortbow
 81806 | Vaults:5 | Got a twisted battleaxe
 81815 | Vaults:5 | Got a scorched morningstar
 81815 | Vaults:5 | Got an uncursed translucent hand axe {freeze}
 81826 | Vaults:5 | Got a slimy robe
 81843 | Vaults:5 | Got an ivory glaive
 81945 | Vaults:5 | Identified the +7 morningstar of Qomusias {pain, Str+4 Dex+4} (You took it off a fire giant on level 5 of the Vaults)
 81946 | Vaults:5 | Identified the +6 battleaxe "Romouzxeh" {elec, MP+9 Int+2} (You took it off a deep elf death mage on level 5 of the Vaults)
 81947 | Vaults:5 | Identified the +7 glaive "Mostiqad" {flame, +Inv MR+ Str+3} (You took it off a tengu reaver on level 5 of the Vaults)
 81948 | Vaults:5 | Identified the +10 hand axe of the Grave {freeze, rElec Str+2 Dex+2} (You took it off a yaktaur captain on level 5 of the Vaults)
 81949 | Vaults:5 | Identified the +10 shortbow of the Shining Light {velocity, rElec Int+2 Dex+3} (You took it off an ironheart preserver on level 5 of the Vaults)
 81961 | Vaults:5 | Got an ichor-stained long sword
 82074 | Vaults:5 | Got a heavily runed bronze ring
 82077 | Vaults:5 | Identified the ring "Senuifil" {+Fly rPois MR+ Dex-4 SInv} (You took it off an ironheart preserver on level 5 of the Vaults)
 82204 | Crypt:1  | Entered Level 1 of the Crypt
 82354 | Crypt:1  | Acquired the Shining One's first power
 82394 | Crypt:1  | Acquired the Shining One's second power
 83055 | Crypt:1  | Acquired the Shining One's third power
 83406 | Crypt:2  | Acquired the Shining One's fourth power
 83429 | Crypt:3  | Entered Level 3 of the Crypt
 84538 | Crypt:3  | Reached skill level 1 in Invocations
 84917 | Crypt:3  | Reached skill level 5 in Invocations
 84962 | Crypt:3  | Found a staircase to the Tomb.
 84985 | Crypt:3  | Got an ancient mace
 84986 | Crypt:3  | Identified the +1 mace "Orekuutaah" {flame, Str+2 Dex+3} (You found it on level 3 of the Crypt)
 85012 | Crypt:3  | Noticed Boris
 85040 | Crypt:3  | Killed Boris
 85159 | Crypt:3  | Found an ancient bone altar of Kikubaaqudgha.
 85159 | Crypt:3  | Noticed an ancient lich
 85166 | Crypt:3  | Killed an ancient lich
 85326 | Crypt:3  | Got a crude shortbow
 85914 | Crypt:3  | Reached skill level 10 in Invocations
 86601 | Hell     | Noticed Murray
 86625 | Hell     | Killed Murray
 86960 | Hell     | Found a gateway to the decaying netherworld of Tartarus.
 87239 | Hell     | Killed Geryon
 87256 | Hell     | Found a gateway to the ashen valley of Gehenna.
 87542 | Hell     | Found a gateway to the Iron City of Dis.
 87596 | Hell     | Found a gateway to the freezing wastes of Cocytus.
 88118 | Tomb:1   | Entered Level 1 of the Tomb of the Ancients
 89071 | Tomb:1   | Reached skill level 27 in Fighting
 89285 | Tomb:2   | Noticed Boris
 89463 | Tomb:1   | Killed Boris
 91797 | Tomb:3   | Entered Level 3 of the Tomb of the Ancients
 92737 | Tomb:3   | Got a warped scimitar
 93145 | Tomb:3   | Got a sparkling ivory ring
 93146 | Tomb:3   | Identified the ring of Moodiness {rN+ MR- MP+9 Str+3 Int+3 Dex-4} (You found it on level 3 of the Tomb of the Ancients)
 93399 | Tomb:3   | Got a golden rune of Zot
 93817 | Tomb:1   | Was forgiven by Trog
 93939 | Tomb:1   | Noticed Sojobo
 93953 | Tomb:1   | Killed Sojobo
 94669 | Tar:1    | Entered Level 1 of Tartarus
 95034 | Tar:1    | Gained mutation: Your spells are a little easier to cast, but a little less powerful. [mutagenic glow]
 95985 | Tar:1    | Paralysed by an eldritch tentacle for 5 turns
101631 | Tar:6    | Gained mutation: Scrolls take you a little longer to read. [mutagenic glow]
102047 | Tar:7    | Entered Level 7 of Tartarus
104006 | Tomb:3   | Got a jewelled demon whip
105909 | D:2      | Identified an uncursed glowing sacred scourge {god gift} (a glowing demon whip {god gift} blessed by the Shining One)
106169 | Lair:2   | Identified the +2 demon whip of the Skies Above {vamp, +Rage +Fly rPois Dex+3} (You found it on level 3 of the Tomb of the Ancients)
106951 | Tar:7    | Got a smoking silver ring
107210 | Tar:7    | Noticed an ancient lich
107219 | Tar:7    | Killed an ancient lich
107262 | Tar:7    | Noticed Ereshkigal
107279 | Tar:7    | Killed Ereshkigal
107343 | Tar:7    | Got a bone rune of Zot
107515 | Tar:7    | Got a crude battleaxe
107701 | Geh:1    | Entered Level 1 of Gehenna
107895 | Geh:1    | Gained mutation: You are clumsy. (Dex -2) [mutagenic glow]
110305 | Geh:2    | Gained mutation: Your body is slowly deteriorating. [mutagenic glow]
110335 | Geh:2    | Identified the ring of Vezat {Int+4 Dex+3} (You found it on level 7 of Tartarus)
111170 | Geh:3    | Cast into the Abyss (hell knight)
111188 | Abyss:1  | Found a blossoming altar of Fedhas.
111276 | Abyss:1  | Paralysed by accursed screaming for 2 turns
111283 | Abyss:1  | Paralysed by accursed screaming for 2 turns
111288 | Abyss:1  | Paralysed by accursed screaming for 1 turns
111411 | Abyss:3  | Found a corrupted altar of Lugonu.
111843 | Abyss:3  | Got a sapphire-encrusted chain mail
112165 | Abyss:3  | Found a shimmering altar of Xom.
112165 | Abyss:3  | Found a shimmering altar of Xom.
112165 | Abyss:3  | Found a shimmering altar of Xom.
112165 | Abyss:3  | Found a shimmering altar of Xom.
112166 | Abyss:3  | Found a shimmering altar of Xom.
112168 | Abyss:3  | Found a corrupted altar of Lugonu.
112168 | Abyss:3  | Found a shimmering altar of Xom.
112169 | Abyss:3  | Found a shimmering altar of Xom.
112169 | Abyss:3  | Found a shimmering altar of Xom.
112234 | Abyss:3  | Found a shimmering altar of Xom.
112234 | Abyss:3  | Found a shimmering altar of Xom.
112234 | Abyss:3  | Found a shimmering altar of Xom.
112234 | Abyss:3  | Found a corrupted altar of Lugonu.
112234 | Abyss:3  | Found a shimmering altar of Xom.
112234 | Abyss:3  | Found a shimmering altar of Xom.
112234 | Abyss:3  | Found a shimmering altar of Xom.
112235 | Abyss:3  | Found a shimmering altar of Xom.
112235 | Abyss:3  | Found a shimmering altar of Xom.
112238 | Abyss:3  | Found a shimmering altar of Xom.
112249 | Abyss:3  | Found a shimmering altar of Xom.
112361 | Abyss:4  | Got an abyssal rune of Zot
112547 | Abyss:4  | Reached skill level 27 in Shields
112580 | Geh:3    | Escaped the Abyss
112640 | Geh:3    | Reached skill level 27 in Maces & Flails
115137 | Geh:7    | Entered Level 7 of Gehenna
115501 | Geh:7    | Reached skill level 27 in Armour
116793 | Geh:7    | Noticed Asmodeus
116826 | Geh:7    | Killed Asmodeus
117021 | Geh:7    | Got an obsidian rune of Zot
117209 | Dis:1    | Entered Level 1 of the Iron City of Dis
118225 | Dis:1    | Gained mutation: You are weak. (Str -2) [a neqoxec]
122798 | Dis:7    | Entered Level 7 of the Iron City of Dis
123402 | Dis:7    | Reached skill level 1 in Spellcasting
123915 | Dis:7    | Gained mutation: You are very weak. (Str -4) [a neqoxec]
124066 | Dis:7    | Reached skill level 5 in Spellcasting
124576 | Dis:7    | Cast into the Abyss (reaper)
124751 | Dis:7    | Escaped the Abyss
125108 | Dis:7    | Noticed Dispater
125139 | Dis:7    | Gained mutation: You are dopey. (Int -2) [a cacodemon]
125144 | Dis:7    | Killed Dispater
125158 | Dis:7    | Gained mutation: You expend magic power (3 MP) to slightly strengthen your wands. [a cacodemon]
125160 | Dis:7    | Gained mutation: Your body is deteriorating. [a cacodemon]
125164 | Dis:7    | Gained mutation: You are very clumsy. (Dex -4) [a cacodemon]
125172 | Dis:7    | Gained mutation: You have difficulty communicating with the divine. [a cacodemon]
125223 | Dis:7    | Got an iron rune of Zot
125449 | Coc:1    | Entered Level 1 of Cocytus
125611 | Coc:1    | Reached skill level 10 in Spellcasting
127303 | Coc:7    | Entered Level 7 of Cocytus
127750 | Coc:7    | Noticed the Serpent of Hell
127770 | Coc:7    | Killed the Serpent of Hell
128790 | Coc:7    | Got a shimmering diamond amulet
128999 | Coc:7    | Noticed Antaeus
129057 | Coc:7    | Killed Antaeus
129144 | Coc:7    | Reached skill level 15 in Spellcasting
129199 | Coc:7    | Got an icy rune of Zot
131079 | Vaults:1 | Identified the Tome of Lucky Black Rites
131398 | Vaults:5 | Identified Smiemu's Second Course in Witchery
131421 | Vaults:5 | Identified the Compendium of Air
131620 | Vaults:5 | Identified the Almanac of Clay (You found it on level 5 of the Vaults)
131924 | Crypt:3  | Identified the Compendium of Black Rituals
132479 | Tomb:3   | Got a crystal longbow
132483 | Tomb:3   | Got a twisted ring mail
132488 | Tomb:3   | Got a dazzling hunting sling
132781 | Tomb:1   | Got an ancient war axe
133867 | Depths:1 | Identified Sif Muna's Disquisition on Evil Rituals and Good Luck (You found it on level 1 of the Depths)
134310 | Lair:2   | Identified the amulet of Bliacreromn {Inacc rPois SInv} (You found it on level 7 of Cocytus)
136670 | Dis:7    | Identified the Guide on the Supportive Oath
136710 | Dis:7    | Got a jewelled ice dragon armour
136754 | Dis:7    | Got a brightly glowing mace
137395 | Geh:7    | Got a shimmering scale mail
137404 | Geh:7    | Identified the Papyrus of the Freezing Entourage
137406 | Geh:7    | Got a smoking leather armour
137606 | Geh:7    | Got a crude spear
138180 | Lair:8   | Got a distressingly furry ring mail
138610 | Slime:6  | Got a translucent hunting sling
139448 | Depths:4 | Got a smoking greatsling {god gift}
139449 | Depths:4 | Identified the +6 greatsling of Satyriasis {venom, +Inv Dex+3} (Trog gifted it to you on level 4 of the Depths)
140653 | Tar:7    | Identified the Almanac of Protection (You found it on level 7 of Tartarus)
140656 | Tar:7    | Identified the Reference Book on Transformation and Earth
140658 | Tar:7    | Identified Kikubaaqudgha's Grimoire of Unholy Rites
140778 | Tar:7    | Identified Sif Muna's Compendium of Dislocation
140866 | Tar:7    | Got a bloodstained glaive
141674 | Coc:7    | Got a shimmering shield
141676 | Coc:7    | Got an ichor-stained shortbow
141786 | Coc:7    | Got a transparent long sword
142301 | Lair:2   | Identified the +5 shield of the World {Str+6 Dex+3} (You found it on level 7 of Cocytus)
142314 | Lair:2   | Learned a level 2 spell: Repel Missiles
142317 | Lair:2   | Learned a level 2 spell: Blink
142319 | Lair:2   | Learned a level 1 spell: Apportation
142725 | Pan      | Entered Pandemonium
142725 | Pan      | Found an exit through the horrors of the Abyss.
142787 | Pan      | Reached skill level 1 in Translocations
142933 | Pan      | Got a twisted hand axe
142979 | Pan      | Reached skill level 1 in Charms
143307 | Pan      | HP: 3/199 [daeva/divine providence (13)]
143310 | Pan      | Found a glowing golden altar of the Shining One.
143310 | Pan      | Noticed a seraph
143988 | Pan      | Found a white marble altar of Elyvilon.
144753 | Pan      | Killed from afar by a daeva

Action                   |  1- 3 |  4- 6 |  7- 9 | 10-12 | 13-15 | 16-18 | 19-21 | 22-24 | 25-27 || total
-------------------------+-------+-------+-------+-------+-------+-------+-------+-------+-------++-------
Melee: Mace              |   107 |   208 |   338 |  1073 |       |       |       |       |       ||  1726
       Whip              |       |       |   265 |       |       |       |       |       |       ||   265
       Demon whip        |       |       |       |    26 |   195 |       |       |       |       ||   221
       Flail             |       |       |       |   543 |    33 |       |       |       |       ||   576
       Morningstar       |       |       |       |       |  1577 |  1758 |  1874 |  2577 | 11683 || 19469
       Unarmed           |       |       |       |       |     3 |     5 |       |       |       ||     8
       Bardiche          |       |       |       |       |       |       |       |     4 |       ||     4
       Sacred scourge    |       |       |       |       |       |       |       |       |  5500 ||  5500
Invok: Berserk           |     1 |     2 |     4 |     9 |     4 |     1 |     9 |     4 |     9 ||    43
       Brothers in Arms  |       |       |       |       |     1 |       |     1 |       |       ||     2
       Trog's Hand       |       |       |       |       |       |       |     1 |       |       ||     1
       Divine Shield     |       |       |       |       |       |       |       |       |     7 ||     7
       Cleansing Flame   |       |       |       |       |       |       |       |       |     1 ||     1
 Abil: Fly               |       |       |       |       |     1 |       |       |       |       ||     1
       Evoke Berserk Rag |       |       |       |       |       |       |       |       |    13 ||    13
Evoke: Wand              |       |       |       |       |       |       |     1 |       |    14 ||    15
  Use: Scroll            |       |       |    10 |     8 |     9 |     6 |     7 |    14 |    34 ||    88
       Potion            |       |       |       |       |     2 |       |     5 |       |    13 ||    20
 Stab: Sleeping          |       |     2 |     1 |       |       |       |       |       |     1 ||     4
       Paralysed         |       |       |       |       |       |       |     1 |       |       ||     1
       Distracted        |       |       |       |       |       |       |       |       |     1 ||     1
  Eat: Chunk             |     3 |     7 |    18 |    38 |    45 |    31 |    31 |    48 |   202 ||   423
       Beef jerky        |       |       |     2 |     2 |     1 |       |       |       |     4 ||     9
       Fruit             |       |       |     1 |       |       |       |       |       |     4 ||     5
       Meat ration       |       |       |       |     1 |       |     1 |     2 |       |    20 ||    24
       Pizza             |       |       |       |       |     1 |       |     1 |       |     5 ||     7
       Bread ration      |       |       |       |       |       |       |       |       |     2 ||     2
